 Dungeon Sprint DCSS version 0.28-a0-247-gb8bfbab023 (webtiles) character file.

Game seed: 5808839642885570216

61 MikeHunt the Magician (level 3, -10/28 (31) HPs)
             Began as a Palentonga Hedge Wizard on Aug 25, 2021.
             Was an Initiate of Makhleb.
             Killed from afar by a deep elf death mage (38 damage)
             ... with a bolt of negative energy
             ... in the Dungeon (Sprint V: "Ziggurat Sprint").
             The game lasted 00:01:06 (78 turns).

MikeHunt the Magician (Palentonga Hedge Wizard)       Turns: 78, Time: 00:01:07

HP:   -10/28 (31)   AC: 13    Str: 25    XL:     3   Next: 83%
MP:   7/8           EV:  6    Int: 14    God:    Makhleb [......]
Gold: 0             SH:  7    Dex: 10    Spells: 8/9 levels left

rFire   . . .      SeeInvis +   M - +7 Singing Sword {vorpal, sonic wave}
rCold   . . .      Faith    .   D - +3 buckler
rNeg    . . .      Spirit   .   G - +5 storm dragon scales
rPois   .          Reflect  .   c - +0 hat
rElec   +          Harm     .   (no cloak)
rCorr   .          Rampage  .   (no gloves)
Will    .....      NoTele   +   (no barding)
Stlth   ..........              (no amulet)
HPRegen 0.09/turn               w - +6 ring of strength
MPRegen 0.11/turn               x - +6 ring of strength

@: drained
A: large, rugged brown scales 3, see invisible, deformed body, roll 1, armoured
tail
a: Rolling Charge, Renounce Religion


You were in the Dungeon.
You worshipped Makhleb.
Makhleb was noncommittal.
You visited 1 branch

Inventory:

Hand Weapons
 a - a +0 dagger
 M - the +7 Singing Sword (weapon) {vorpal, sonic wave}
   (You found it in the Dungeon)

   It inflicts extra damage upon your enemies.
   It radiates damaging sonic waves as it strikes, especially in combat
   involving dangerous or numerous foes.
 N - the +5 sword of Power {vorpal}
   (You found it in the Dungeon)

   It inflicts extra damage upon your enemies.
   It occasionally discharges a powerful but inaccurate bolt of energy upon
   striking a foe, with increased chance the greater the wielder's current
   health.
 O - the +9 sword of Zonguldrok {reap}
   (You found it in the Dungeon)

   Any living foe damaged by it may be reanimated upon death as a zombie
   friendly to the wielder, with an increasing chance as more damage is dealt.
Armour
 b - a +0 robe
 c - a +0 hat (worn)
 B - a +3 kite shield
 C - a +3 tower shield
 D - a +3 buckler (worn)
 E - +5 fire dragon scales
 F - +5 ice dragon scales
 G - +5 storm dragon scales (worn)
 H - +5 shadow dragon scales
 I - +5 gold dragon scales
 J - a +5 crystal plate armour
 K - a +5 plate armour
 L - the +18 shield of the Gong {rElec rN+ Will+ EV-5}
   (You found it in the Dungeon)

   It is deafeningly noisy when blocking attacks.
   EV:        It affects your evasion (-5).
   rElec:     It insulates you from electricity.
   rN:        It protects you from negative energy.
   Will:      It increases your willpower.
Jewellery
 r - a ring of flight
 s - a +6 ring of dexterity
 t - a +6 ring of dexterity
 u - a +6 ring of intelligence
 v - a +6 ring of intelligence
 w - a +6 ring of strength (left hand)
 x - a +6 ring of strength (right hand)
Wands
 o - a wand of mindburst (7)
 p - a wand of iceblast (7)
 q - a wand of acid (7)
Scrolls
 i - 4 scrolls of blinking
 y - 7 scrolls of fog
 z - 5 scrolls of identify
 A - 2 scrolls of fear
Potions
 d - 10 potions of curing
 e - 10 potions of heal wounds
 f - 6 potions of haste
 g - 7 potions of magic
 h - 3 potions of berserk rage
 j - 2 potions of brilliance
 k - 2 potions of invisibility
 l - 4 potions of resistance
 n - 5 potions of might
Miscellaneous
 m - a lightning rod (4/4) (quivered)
 P - a tin of tremorstones (2/2)


   Skills:
 + Level 3.4 Fighting
 + Level 3.4 Long Blades
 - Level 2.3 Dodging
 - Level 2.0 Stealth
 + Level 2.8 Shields
 - Level 3.5 Spellcasting
 - Level 2.0 Conjurations
 - Level 1.9 Summonings
 - Level 2.2 Translocations
 + Level 3.1 Evocations


You had 8 spell levels left.
You knew the following spells:

 Your Spells              Type           Power      Damage    Failure   Level
a - Magic Dart            Conj           32%        1d4       56%         1

Your spell library contained the following spells:

 Spells                   Type           Power      Damage    Failure   Level
 Blink                    Tloc           N/A        N/A       67%         2
 Call Imp                 Summ           7%         N/A       71%         2
 Slow                     Hex            2%         N/A       94%         2
 Conjure Flame            Conj/Fire      5%         6-21      97%         3
 Mephitic Cloud           Conj/Pois/Air  4%         N/A       98%         3


Dungeon Overview and Level Annotations

Branches:
Dungeon (1/1)

Altars:
Ashenzari
Cheibriados
Dithmenos
Elyvilon
Fedhas
Gozag
Hepliaklqana
Kikubaaqudgha
Makhleb
Nemelex Xobeh
Okawaru
Qazlal
Ru
Sif Muna
Trog
Uskayaw
Vehumet
Wu Jian
Xom
Yredelemnul
Zin
The Shining One
Beogh
Jiyva
Lugonu


Innate Abilities, Weirdness & Mutations

You are completely covered in rugged brown scales. (AC +3, +7% HP)
You have supernaturally acute eyesight. (SInv)
Armour fits poorly on your strangely shaped body.
You can roll at nearby foes to attack.
You have a long armoured tail.


Message History

Aim: an orc priest, wielding a +0 hand axe (almost dead)
The thunderbolt hits the orc priest!
You kill the orc priest!
Makhleb accepts your kill.
The thunderbolt hits the orc wizard!
The orc wizard is almost dead.
The orc wizard barely misses you.
Your lightning rod (4/4) has regained two charges.
Your Dodging skill increases to level 2!
Your Conjurations skill increases to level 1!
Your Summonings skill increases to level 1!
You have reached level 3!
Your experience leads to an increase in your attributes!
Your base attributes are Str 13, Int 14, Dex 9.
Increase (S)trength, (I)ntelligence, or (D)exterity?
You feel agile.
You slash the orc wizard!
The Singing Sword grumbles, "I guess an audience of one is better than none..."
You send a blast of sound all around you.
You kill the orc wizard!
Makhleb accepts your kill.
Your Stealth skill increases to level 2!
Your Conjurations skill increases to level 2!
Your Translocations skill increases to level 2!
Things that are here:
a +0 dagger; a +0 robe You see here a tin of tremorstones (2/2).
P - a tin of tremorstones (2/2) Unknown command.
There is a transporter here.
Welcome to arena 2.
You enter the transporter and appear at another place.
A deep elf knight, a deep elf death mage and a deep elf archer come into view.
The deep elf archer is wielding a +0 short sword and wearing a +0 leather armour of fire resistance.
The deep elf archer shouts!
The deep elf knight shouts!
The deep elf death mage shouts!
The deep elf death mage gestures at you while chanting.
The bolt of negative energy hits you!!!
You feel drained.
Ouch! That really hurt!
You die...

▓▓▓▓▓▓▓▓▓▓▓▓▓
▓.8©8.▓.8©8.▓
▓.eee.▓.....▓
▓.....▓...).▓
▓.....▓.....▓
▓.....▓.))..▓
▓.....▓..©..▓
▓..@..▓▓▓▓▓▓▓
▓▓▓▓▓▓▓


You could see a deep elf death mage, a deep elf archer (repels missiles) and a
deep elf knight.

Vanquished Creatures
  An orc priest (D)
  An orc wizard (D)
2 creatures vanquished.

Notes
Turn   | Place    | Note
-------+----------+-------------------------------------------
     0 | D        | MikeHunt the Palentonga Hedge Wizard began the quest for
                  | the Orb.
     0 | D        | Reached XP level 1. HP: 13/13 MP: 4/4
     0 | D        | Found a shimmering blue altar of Sif Muna.
     0 | D        | Found a sacrificial altar of Ru.
     0 | D        | Found a bloodstained altar of Trog.
     0 | D        | Found a stormy altar of Qazlal.
     0 | D        | Found an iron altar of Okawaru.
     0 | D        | Found a sparkling altar of Nemelex Xobeh.
     0 | D        | Found a blossoming altar of Fedhas.
     0 | D        | Found the +6 Majin-Bo {vamp, MP+6 Int+6}
     0 | D        | Found the +9 heavy crossbow "Sniper" {vorpal, Acc+∞ SInv}
     0 | D        | Found the +10 dark maul {vorpal}
     0 | D        | Found the +15 Maxwell's patent armour {-Cast -Tele rElec
                  | Will+ rCorr}
     0 | D        | Found the +18 shield of the Gong {rElec rN+ Will+ EV-5}
     0 | D        | Found the +14 obsidian axe {vorpal, Drain Fly SInv}
     0 | D        | Found the +7 great mace "Firestarter" {inner flame, rF++}
     0 | D        | Found the +6 shillelagh "Devastator" {shatter}
     0 | D        | Found the +11 plutonium sword {Contam Stlth-}
     0 | D        | Found the +8 lance "Wyrmbane" {slay drac, rPois rF+ rC+
                  | AC+3}
     0 | D        | Found the +9 sword of Zonguldrok {reap}
     0 | D        | Found the +13 scythe of Curses {drain, Drain}
     0 | D        | Found the +5 sword of Power {vorpal}
     0 | D        | Found the +7 mace of Variability {chain chaos}
     0 | D        | Found the +7 Singing Sword {vorpal, sonic wave}
     0 | D        | Found the +8 storm bow {elec, penet}
     6 | D        | Found a corrupted altar of Lugonu.
     6 | D        | Found an ancient bone altar of Kikubaaqudgha.
     6 | D        | Found a burning altar of Makhleb.
     6 | D        | Found a transporter.
     6 | D        | Found a viscous altar of Jiyva.
     6 | D        | Found a hazy altar of Hepliaklqana.
    10 | D        | Found an opulent altar of Gozag.
    32 | D        | Became a worshipper of Makhleb the Destroyer
    55 | D        | Reached XP level 2. HP: 25/25 MP: 6/6
    68 | D        | Entered arena 2.
    68 | D        | Found a transporter.
    71 | D        | Reached skill level 1 in Conjurations
    71 | D        | Reached skill level 1 in Summonings
    71 | D        | Reached XP level 3. HP: 31/31 MP: 7/7
    78 | D        | Entered arena 3.
    78 | D        | Noticed a deep elf archer
    78 | D        | Noticed a deep elf knight
    78 | D        | Noticed a deep elf death mage
    78 | D        | Found a transporter.
    78 | D        | Killed from afar by a deep elf death mage

Illustrated notes

Levels and vault maps discovered:
D:        sprint_v [room_start, room_1, room_2, room_3, room_4, room_5, room_6,
          room_7, room_8, room_9, room_10, room_11, room_12, room_13, room_14,
          room_15, room_16, room_17, room_18, room_19, room_20, room_21,
          room_22, room_23, room_24, room_25, room_26, room_27]

Skill      XL: |  1  2  3 |
---------------+----------+-----
Fighting       | 3 |  3.4
Long Blades    | 3 |  3.4
Shields        | 2 |  2.8
Evocations     | 3 |  3.1
Dodging        | 2 |  2.3
Conjurations   | 1 2 |  2.0
Summonings     | 1 |  1.9
Stealth        | 2 |  2.0
Translocations | 2 |  2.2
Spellcasting   | |  3.5

Action                   || total
-------------------------++-------
Melee: Double sword      ||     1
Evoke: Lightning rod     ||     2
  Use: Potion            ||     1
Dodge: Dodged            ||     1

Table legend: (Time is in decaauts)
 A = Elapsed time spent in this place.
 B = Non-inter-level travel time spent in this place.
 C = Inter-level travel time spent in this place.
 D = Time resting spent in this place.
 E = Time spent auto-exploring this place.
 F = Levels seen in this place.
 G = Mean time per level.
                   A        B        C        D        E       F      G
               +--------+--------+--------+--------+--------+-----+--------+
         Total |     76 |     76 |      0 |      0 |      0 |   1 |   76.0 |
       Dungeon |     76 |     76 |      0 |      0 |      0 |   1 |   76.0 |
               +--------+--------+--------+--------+--------+-----+--------+

Top non-repeatable levels by time:
       D: 76 daAuts
